 Dungeon Crawl Stone Soup version 0.29-a0-512-gf59ac788ac (webtiles) character file.

Game seed: 7376365438304373438

45 ytrimaz the Firebug (level 3, -14/24 HPs)
             Began as a Demonspawn Fire Elementalist on May 29, 2022.
             Engulfed by a cloud of flame (22 damage)
             ... on level 2 of the Dungeon.
             The game lasted 00:02:23 (1425 turns).

ytrimaz the Firebug (Demonspawn Fire Elementalist)  Turns: 1425, Time: 00:02:24

Health: -14/24     AC:  2    Str:  8    XL:     3   Next: 42%
Magic:  2/6        EV: 12    Int: 18    God:
Gold:   97         SH:  0    Dex: 13    Spells: 0/6 levels left

rFire   . . .      SeeInvis .   g - +3 dagger
rCold   + . .      Faith    .   (no shield)
rNeg    . . .      Spirit   .   a - +0 robe
rPois   .          Reflect  .   (no helmet)
rElec   .          Harm     .   (no cloak)
rCorr   .          Rampage  .   (no gloves)
Will    .....                   (no boots)
Stlth   ++........              (no amulet)
HPRegen 0.08/turn               h - ring of protection from cold
MPRegen 0.10/turn               (no ring)

@: no status effects
A: spiny 1, demonic touch 1
a: no special abilities


You were on level 2 of the Dungeon.
You visited 1 branch of the dungeon, and saw 2 of its levels.

You collected 97 gold pieces.

Inventory:

Hand Weapons
 g - a +3 dagger (weapon)
Armour
 a - a +0 robe (worn)
Jewellery
 h - a ring of protection from cold (left hand)
Scrolls
 e - a scroll of enchant weapon {unknown}
 f - a scroll of acquirement {unknown}
Potions
 b - a potion of magic
 c - 3 potions of lignification {unknown}
 d - 2 potions of heal wounds {unknown}


   Skills:
 + Level 2.1 Dodging
 - Level 1.7 Stealth
 + Level 2.4 Spellcasting
 + Level 1.3 Conjurations
 + Level 3.5 Fire Magic


You couldn't memorise any spells.
You knew the following spells:

 Your Spells              Type           Power      Damage    Failure   Level
a - Foxfire               Conj/Fire      40%        2x1d6     6%          1
b - Scorch                Fire           28%        2d6       6%          2
c - Inner Flame           Hex/Fire       8%         N/A       26%         3

Your spell library contained the following spells:

 Spells                   Type           Power      Damage    Failure   Level
 Conjure Flame            Conj/Fire      10%        6-21      19%         3
 Flame Wave               Conj/Fire      10%        2d5       54%         4


Dungeon Overview and Level Annotations

Branches:
Dungeon (2/15)

Altars:


Innate Abilities, Weirdness & Mutations

You are partially covered in sharp spines.
Your touch may inflict minor irresistible damage on your foes.


Message History

You now have 93 gold pieces (gained 2).
You now have 97 gold pieces (gained 4).
Found a stone staircase leading up.
Memorise Scorch, consuming 2 spell levels and leaving 3?
You start memorising the spell.
You continue memorising. x2
You finish memorising.
Spell assigned to 'b'.
This spell is extremely dangerous to cast!
Memorise Inner Flame, consuming 3 spell levels and leaving 0?
You start memorising the spell.
You continue memorising. x3
You finish memorising.
Spell assigned to 'c'.
Okay, then.
Casting: Foxfire (safe; 6% risk of failure)
Confirm with . or Enter, or press ? or * to list all spells.
Okay, then.
There is a stone staircase leading up here.
Found a flail.
Found 18 stones.
A bat comes into view.
A bat is nearby!
A bat is nearby!
Casting: Foxfire (safe; 6% risk of failure)
Confirm with . or Enter, or press ? or * to list all spells.
The spell is extremely dangerous to miscast (26% risk of failure)!
Continue anyway?
Aiming: Inner Flame (extremely dangerous; 26% risk of failure)
Press: ? - help, Dir - move target, f - bat
Aim: a bat (asleep, chance to affect: 72%)
The bat is filled with an inner flame.
Unknown command.
Casting: Inner Flame (extremely dangerous; 26% risk of failure)
Confirm with . or Enter, or press ? or * to list all spells.
You conjure some foxfire!
The foxfire hits the bat.
The bat explodes!
The fiery explosion engulfs your foxfire.
Your foxfire completely resists.
The fiery explosion engulfs you!
Ouch! That really hurt!
Your foxfire dissipates!
You are engulfed in blazing flames.
Ouch! That really hurt!
You die...

#...#.......#####.# #####
#...#.......#####.###########≈≈≈≈
#.. #.#.........................)
.).##.#.#########.###########≈≈≈≈
......#.#########.### ########
......#.#...........# #.......
).....#.#.........#.######.####..
####..#(...########.#......# #..
......#.#..#....@§#.#.#########..
####.#####.#.####§#..<...........
#..........#.# #.############...
#.###.###....# #.# +...
........#.#### #.# #...
#...#...#.# ..# ########...
..#.#####.# ### #..........
#.#.......# #.(........
#.######### #.........#


There were no monsters in sight!

Vanquished Creatures
  An adder (D:2)
  A worm (D:2)
  A dart slug (D:1)
  5 ball pythons (D:1)
  5 bats
  2 endoplasms
  A goblin (D:1)
  8 hobgoblins
  2 frilled lizards (D:2)
  2 kobolds
  A rat (D:2)
29 creatures vanquished.

Vanquished Creatures (others)
  74 foxfires
74 creatures vanquished.

Grand Total: 103 creatures vanquished

Notes
Turn   | Place    | Note
-------+----------+-------------------------------------------
     0 | D:1      | ytrimaz the Demonspawn Fire Elementalist began the quest
                  | for the Orb.
     0 | D:1      | Reached XP level 1. HP: 13/13 MP: 3/3
   173 | D:1      | Reached skill level 3 in Fire Magic
   236 | D:1      | Gained mutation: You are partially covered in sharp spines.
                  | [demonic ancestry]
   236 | D:1      | Reached XP level 2. HP: 15/19 MP: 0/5
   632 | D:1      | Found a faded altar of an unknown god.
  1117 | D:2      | Gained mutation: Your touch may inflict minor irresistible
                  | damage on your foes. [demonic ancestry]
  1117 | D:2      | Reached XP level 3. HP: 24/24 MP: 3/6
  1344 | D:2      | Learned a level 2 spell: Scorch
  1348 | D:2      | Learned a level 3 spell: Inner Flame
  1425 | D:2      | Engulfed by a cloud of flame

Illustrated notes

Levels and vault maps discovered:
D:1:      dpeg_arrival_round_b, layout_rooms,
          hellmonk_ecumenical_altar_crossroads
D:2:      layout_basic, minmay_misc_feat_nine_boxes, st_stairs_8,
          amcnicky_mini_rare_corridor_liquid

Skill      XL: |  1  2 |
---------------+-------+-----
Fire Magic     | 3 |  3.5
Dodging        | 2 |  2.1
Stealth        | |  1.7
Spellcasting   | |  2.4
Conjurations   | |  1.3

Action                   || total
-------------------------++-------
Melee: Dagger            ||    11
       Touch             ||     2
 Cast: Foxfire           ||    51
       Inner Flame       ||     1
  Use: Scroll            ||     1
Armor: Robe              ||     6
Dodge: Dodged            ||    23

Table legend: (Time is in decaauts)
 A = Elapsed time spent in this place.
 B = Non-inter-level travel time spent in this place.
 C = Inter-level travel time spent in this place.
 D = Time resting spent in this place.
 E = Time spent auto-exploring this place.
 F = Levels seen in this place.
 G = Mean time per level.
                   A        B        C        D        E       F      G
               +--------+--------+--------+--------+--------+-----+--------+
         Total |   1423 |   1405 |     18 |      0 |   1133 |   2 |  711.5 |
       Dungeon |   1423 |   1405 |     18 |      0 |   1133 |   2 |  711.5 |
               +--------+--------+--------+--------+--------+-----+--------+

Top non-repeatable levels by time:
     D:1: 861 daAuts
     D:2: 562 daAuts
